Map: Prion Terraces

Players

LindyHop - Winner!

  • Race: Zerg Zerg
  • League: Platinum

StudmuffAK

  • Race: Zerg Zerg
  • League: Platinum

VOD

Have the link to the VOD?

Description

Time

  • Played on: Jan. 12, 2016, 7:53 p.m.
  • Length: 9:46
Show
View Real Time Build Order
Export as new Build Order

LindyHop Zerg - Winner!

Build Orders: Hatch First 

Get SALT Encoding   

  12  0:01  Drone  
  13  0:12  Overlord  
  13  0:17  Drone  
  14  0:30  Drone x2  
  14  0:34  Drone  
  17  0:53  Hatchery  
  17  0:56  Drone  
  17  1:12  Spawning Pool  
  17  1:13  Drone  
  17  1:16  Extractor  
  17  1:18  Drone  
  17  1:21  Drone  
  18  1:28  Drone  
  19  1:39  Overlord  
  19  1:58  Queen  
  21  2:03  Drone  
  21  2:04  Drone  
  21  2:05  Queen  
  21  2:06  Zergling x2  
  26  2:13  Zergling x2  
  27  2:19  Roach Warren  
  26  2:26  Drone x2  
  28  2:30  Metabolic Boost  
  28  2:51  Overlord  
  28  2:54  Zergling x2  
  28  2:55  Zergling x8  
  33  3:00  Baneling Nest  
  32  3:07  Zergling x4  
  34  3:30  Hatchery  
  33  3:35  Drone x2  
  33  3:37  Drone x4  
  39  3:53  Baneling x3  
  39  4:01  Zergling x4  
  39  4:02  Zergling x6  
  44  4:03  Overlord  
  42  4:26  Drone  
  42  4:27  Drone x4  
  47  4:32  Burrow  
  47  4:38  Baneling x3  
  47  4:39  Baneling  
  47  4:41  Roach  
  47  4:44  Zergling x2  
  47  4:45  Zergling x2  
  51  4:48  Zergling x2  
  51  4:53  Zergling x2  
  51  4:58  Queen  
  50  5:03  Roach  
  50  5:04  Roach  
  52  5:15  Roach  
  52  5:16  Overlord  
  52  5:17  Overlord  
  54  5:23  Drone x4  
  58  5:34  Queen  
  60  5:37  Drone  
  56  5:44  Drone x8  
  63  5:57  Drone x3  
  63  5:58  Drone x2  
  63  6:00  Lair  
  63  6:03  Extractor  
  67  6:12  Queen  
  67  6:16  Baneling x2  
  67  6:17  Baneling  
  67  6:20  Extractor  
  67  6:23  Extractor  
  59  6:42  Roach x2  
  59  6:47  Extractor  
  58  6:56  Zergling x8  
  58  6:57  Zergling x2  
  63  7:03  Drone x3  
  63  7:04  Drone x4  
  63  7:05  Drone  
  71  7:16  Zergling x6  
  71  7:18  Baneling x5  
  74  7:28  Queen  
  71  7:35  Zergling x2  
  71  7:36  Zergling x12  
  71  7:37  Zergling x2  
  73  7:38  Overlord  
  73  7:46  Hatchery  
  73  7:48  Spire  
  73  7:51  Zergling x4  
  72  8:04  Drone x3  
  75  8:10  Extractor  
  75  8:12  Zergling x4  
  76  8:18  Zergling x8  
  76  8:19  Zergling x4  
  82  8:28  Overlord x3  
  82  8:31  Zergling x2  
  82  8:32  Zergling x2  
  82  8:33  Hatchery, Zergling x2  
  76  8:42  Baneling  
  76  8:43  Zergling x4, Baneling x3  
  76  8:44  Zergling x6  
  76  8:45  Overlord x2  
  81  8:57  Overlord x2  
  81  9:00  Mutalisk x6  
  81  9:01  Mutalisk  
  95  9:07  Mutalisk  
Show
View Real Time Build Order
Export as new Build Order

StudmuffAK Zerg 

Build Orders: Pool First 

Get SALT Encoding   

  12  0:03  Drone  
  13  0:14  Drone  
  14  0:19  Overlord  
  14  0:22  Extractor  
  14  0:24  Extractor  
  14  0:26  Drone  
  13  0:31  Drone  
  16  0:38  Drone  
  17  0:46  Extractor  
  16  0:50  Spawning Pool  
  15  0:59  Drone  
  15  1:00  Drone  
  17  1:20  Hatchery  
  17  1:24  Drone  
  17  1:31  Drone x2  
  19  1:43  Queen  
  21  1:51  Zergling x2  
  21  1:53  Overlord  
  22  2:00  Metabolic Boost  
  22  2:13  Zergling x2  
  22  2:14  Drone  
  24  2:30  Drone  
  25  2:38  Drone x2  
  25  2:42  Queen  
  25  2:43  Drone  
  30  2:55  Drone x3  
  30  2:56  Drone x2  
  35  2:59  Overlord  
  35  3:12  Overlord  
  34  3:14  Overlord  
  34  3:22  Hatchery  
  33  3:37  Zergling x2  
  33  3:38  Zergling x8  
  38  3:42  Drone  
  38  3:44  Zergling x2  
  38  3:45  Zergling x4  
  43  3:55  Zergling x4  
  44  4:08  Zergling x8  
  47  4:46  Drone  
  47  4:47  Drone x4  
  47  4:48  Overlord  
  47  4:49  Overlord  
  41  5:08  Zergling x2  
  41  5:09  Zergling x10  
  47  5:17  Spine Crawler  
  46  5:28  Drone x2  
  48  5:33  Roach Warren  
  47  5:39  Zergling x6  
  47  5:40  Zergling x4  
  52  5:50  Zergling x2  
  52  5:51  Zergling x6  
  55  6:07  Drone x5  
  55  6:08  Drone  
  59  6:24  Zergling x2  
  59  6:25  Zergling x4  
  48  6:48  Zergling x18  
  57  6:55  Extractor x2  
  57  6:56  Lair  
  55  7:10  Hatchery  
  54  7:16  Extractor  
  54  7:21  Drone x2  
  54  7:22  Drone x4  
  51  7:37  Zergling x8  
  54  7:45  Hatchery  
  49  8:08  Spire  
  48  8:15  Drone x5  
  48  8:16  Drone x5  
  60  8:29  Zergling x12  
  64  8:48  Hatchery  
  63  9:22  Mutalisk x4  
Tags
 
Add a new tag
Caveats
  • Supply blocks, unpowered buildings, or Contaminate may cause inaccurate times.
  • Supply counts are checked every 10 seconds.